 Seeded DCSS version 0.27-a0-1200-g94dc6ad4cf (webtiles) character file.

Game seed: 1482225061180600175 (custom seed)

42 flotson the Covert (level 3, -2/35 HPs)
             Began as a Gnoll Delver on May 31, 2021.
             Slain by a river rat (9 damage)
             ... in a sewer.
             The game lasted 00:01:18 (409 turns).

flotson the Covert (Gnoll Delver)                    Turns: 409, Time: 00:01:19

Health: -2/35      AC:  3    Str: 12    XL:     3   Next: 54%
Magic:  4/4        EV: 13    Int:  9    God:
Gold:   0          SH:  0    Dex: 13    Spells: 3/3 levels left

rFire    . . .     SeeInvis .   a - +0 spear
rCold    . . .     Faith    .   (no shield)
rNeg     . . .     Spirit   .   b - +0 leather armour
rPois    .         Reflect  .   (no helmet)
rElec    .         Harm     .   (no cloak)
rCorr    .         Rampage  .   (no gloves)
Will     .....                  (no boots)
Stlth    ++++......             (no amulet)
HPRegen  0.11/turn              (no ring)
MPRegen  0.09/turn              (no ring)

@: hasted, very quick
A: fangs 1, strong nose, distributed training
a: no special abilities


You were in a sewer.
You visited 1 branch of the dungeon, and saw 2 of its levels.
You also visited: Sewer.

Inventory:

Hand Weapons
 a - a +0 spear (weapon)
Missiles
 j - 11 stones (quivered)
Armour
 b - a +0 leather armour (worn)
 i - a +0 scale mail
Wands
 g - a wand of digging (2)
Scrolls
 c - a scroll of fog
 e - a scroll of fear
Potions
 h - a potion of berserk rage {unknown}


   Skills:
 + Level 6.5 Fighting
 + Level 0.8 Short Blades
 + Level 0.8 Long Blades
 + Level 0.8 Axes
 + Level 0.8 Maces & Flails
 + Level 4.5 Polearms
 + Level 0.8 Staves
 + Level 0.8 Slings
 + Level 0.8 Bows
 + Level 0.8 Crossbows
 + Level 0.8 Throwing
 + Level 0.8 Armour
 + Level 4.5 Dodging
 + Level 9.5 Stealth
 + Level 0.8 Shields
 + Level 0.8 Unarmed Combat
 + Level 0.8 Spellcasting
 + Level 0.5 Conjurations
 + Level 0.5 Hexes
 + Level 0.5 Summonings
 + Level 0.5 Necromancy
 + Level 0.5 Translocations
 + Level 0.5 Transmutations
 + Level 0.5 Fire Magic
 + Level 0.5 Ice Magic
 + Level 0.5 Air Magic
 + Level 0.5 Earth Magic
 + Level 0.5 Poison Magic
 + Level 1.0 Invocations
 + Level 0.8 Evocations


You had 3 spell levels left.
You didn't know any spells.
Your spell library was empty.

Dungeon Overview and Level Annotations

Branches:
Dungeon (5/15)              Sewer (1/1)
 Temple: D:4-7

Altars:


Innate Abilities, Weirdness & Mutations

You have very sharp teeth.
Your uncanny sense of smell can sniff out nearby items.
Your experience applies equally to all skills.


Message History

Moving in this stuff is going to be slow.
There is a glowing drain here.
The world spins around you as you enter the gateway.
You enter a sewer! 2 rats and 3 river rats come into view.
Found a gate leading back out of this place.
There is an empty arch of ancient stone here.
There is a gate leading back out of this place here.
Reach: a) +0 spear
Press: ? - help, Dir - move target, f - river rat
Aim: a river rat (asleep, about 2% to evade your +0 spear)
You reach to attack!
The helpless river rat fails to defend itself.
You hit the river rat but do no damage.
Reach: a) +0 spear
Press: ? - help, Dir - move target, f/p - river rat
Aim: a river rat (about 38% to evade your +0 spear)
You reach to attack!
You barely miss the river rat. You hit the river rat but do no damage.
You hit the river rat.
The river rat is heavily wounded.
The river rat barely misses you.
You hit the river rat.
The river rat is severely wounded.
You hit the river rat.
The river rat is almost dead.
The river rat bites you.
* * * LOW HITPOINT WARNING * * *
You hit the river rat but do no damage.
You bite the river rat, but do no damage.
The river rat is almost dead.
The river rat twitches its whiskers.
The river rat barely misses you.
You hit the river rat but do no damage.
The river rat is almost dead.
You hit the river rat but do no damage.
You bite the river rat, but do no damage.
The river rat is almost dead.
The river rat bites you!
You die...

###
#.#
#r#
#r#
#@#
#∩#
#.#
#∩#
#.#
#r#
#r#
#r#
#.#


You could see 3 river rats and 2 rats.

Vanquished Creatures
  A hound (D:4)
  A river rat (D:4)
  A ball python (D:4)
  A giant cockroach (D:4)
  A quokka (D:4)
  A kobold (D:4)
6 creatures vanquished.

Notes
Turn   | Place    | Note
-------+----------+-------------------------------------------
     0 | D:5      | Reached skill level 9 in Stealth
     0 | D:5      | flotson the Gnoll Delver began the quest for the Orb.
     0 | D:5      | Reached XP level 1. HP: 23/23 MP: 1/1
    22 | D:5      | Noticed an ogre
    25 | D:5      | Noticed a phantom
   202 | D:4      | Noticed a hound
   218 | D:4      | Killed a hound
   219 | D:4      | Reached XP level 2. HP: 7/29 MP: 2/2
   219 | D:4      | Reached XP level 3. HP: 9/35 MP: 3/3
   372 | D:4      | Found a glowing drain.
   390 | D:4      | Reached skill level 1 in Invocations
   397 | Sewer    | Entered a sewer
   409 | Sewer    | Slain by a river rat

Illustrated notes

Levels and vault maps discovered:
D:4:      layout_loops_ring, serial_shops, shop, gup_sewer_entry_bubbles,
          palyth_stone_intersect, uniq_duvessa
D:5:      layout_loops_ring, lemuel_zombie_altar_yredelemnul, uniq_sigmund
Sewer:    sewer_kobolds

Skill      XL: |  1  2  3 |
---------------+----------+-----
Stealth        | |  9.5
Invocations    | 1 |  1.0
Fighting       | |  6.5
Short Blades   | |  0.8
Long Blades    | |  0.8
Axes           | |  0.8
Maces & Flails | |  0.8
Polearms       | |  4.5
Staves         | |  0.8
Slings         | |  0.8
Bows           | |  0.8
Crossbows      | |  0.8
Throwing       | |  0.8
Armour         | |  0.8
Dodging        | |  4.5
Shields        | |  0.8
Unarmed Combat | |  0.8
Spellcasting   | |  0.8
Conjurations   | |  0.5
Hexes          | |  0.5
Summonings     | |  0.5
Necromancy     | |  0.5
Translocations | |  0.5
Transmutations | |  0.5
Fire Magic     | |  0.5
Ice Magic      | |  0.5
Air Magic      | |  0.5
Earth Magic    | |  0.5
Poison Magic   | |  0.5
Evocations     | |  0.8

Action                   || total
-------------------------++-------
Melee: Spear             ||    44
       Bite              ||     5
Evoke: Wand              ||     1
  Use: Scroll            ||     1
       Potion            ||     1
 Stab: Sleeping          ||     3
Armor: Leather armour    ||     8
Dodge: Dodged            ||    21

Table legend: (Time is in decaauts)
 A = Elapsed time spent in this place.
 B = Non-inter-level travel time spent in this place.
 C = Inter-level travel time spent in this place.
 D = Time resting spent in this place.
 E = Time spent auto-exploring this place.
 F = Levels seen in this place.
 G = Mean time per level.
                   A        B        C        D        E       F      G
               +--------+--------+--------+--------+--------+-----+--------+
         Total |    393 |    393 |      0 |    143 |    118 |   3 |  131.0 |
       Dungeon |    386 |    386 |      0 |    143 |    118 |   2 |  193.0 |
         Sewer |      6 |      6 |      0 |      0 |      0 |   1 |    6.0 |
               +--------+--------+--------+--------+--------+-----+--------+

Top non-repeatable levels by time:
     D:4: 322 daAuts
     D:5: 64 daAuts
   Sewer: 6 daAuts
